3AAA
ALASKAN HUMPBACKS @ SANTA BARBARA GOLDEN CRANES
06/02/2022
 
TOP OF THE 1ST
Alaskan Humpbacks batting - Pitching for Santa Barbara Golden Cranes : LHP Shunen Takahashi
Pitching: LHP Shunen Takahashi
Batting: RHB Juan García 0-0: Ground out 5-3 (Groundball, 56)
Batting: LHB James Sorensen 0-0: Swinging Strike
0-1: Foul Ball, location: 2F
0-2: Strikes out swinging
Batting: RHB Mal Green 0-0: Ball
1-0: Swinging Strike
1-1: Ball
2-1: Swinging Strike
2-2: Foul Ball, location: 2F
2-2: Strikes out swinging
Top of the 1st over - 0 run(s), 0 hit(s), 0 error(s), 0 left on base; Alaskan 0 - Santa Barbara 0
BOTTOM OF THE 1ST
Santa Barbara Golden Cranes batting - Pitching for Alaskan Humpbacks : RHP Miguel González
Pitching: RHP Miguel González
Batting: RHB Ángel López 0-0: Ball
1-0: Ball
2-0: Foul Ball, location: 2F
2-1: Foul Ball, location: 2F
2-2: Foul Ball, location: 2F
2-2: Ground out 5-3 (Groundball, 5)
Batting: RHB Kyle Dempsey 0-0: Ball
1-0: Called Strike
1-1: Swinging Strike
1-2: Ball
2-2: Strikes out swinging
Batting: LHB Takahiro Harada 0-0: Foul Ball, location: 2F
0-1: Foul Ball, location: 2F
0-2: SOLO HOME RUN (Flyball, 89XD), Distance : 377 ft
Batting: RHB Sake van Arem 0-0: Ball
1-0: Ball
2-0: Fly out, F9 (Flyball, 9M)
Bottom of the 1st over - 1 run(s), 1 hit(s), 0 error(s), 0 left on base; Alaskan 0 - Santa Barbara 1
TOP OF THE 2ND
Alaskan Humpbacks batting - Pitching for Santa Barbara Golden Cranes : LHP Shunen Takahashi
Batting: RHB Andrew Rowland 0-0: Ground out 6-3 (Groundball, 56)
Batting: RHB Fernando Camacho 0-0: SINGLE (Line Drive, 4MD)
Batting: SHB Mike Carter 0-0: Ball
1-0: Ball
2-0: Ball
3-0: Called Strike
3-1: Called Strike
3-2: Grounds into double play, 4-6-3 (Groundball, 4)
Top of the 2nd over - 0 run(s), 1 hit(s), 0 error(s), 0 left on base; Alaskan 0 - Santa Barbara 1
BOTTOM OF THE 2ND
Santa Barbara Golden Cranes batting - Pitching for Alaskan Humpbacks : RHP Miguel González
Batting: LHB Chris McKinney 0-0: Called Strike
0-1: Swinging Strike
0-2: Strikes out swinging
Batting: SHB Shojiro Kimura 0-0: Swinging Strike
0-1: Foul Ball, location: 2F
0-2: Ball
1-2: Fly out, F7 (Line Drive, 7D)
Batting: RHB Seth Varela 0-0: Called Strike
0-1: Fly out, F9 (Line Drive, 9S)
Bottom of the 2nd over - 0 run(s), 0 hit(s), 0 error(s), 0 left on base; Alaskan 0 - Santa Barbara 1
TOP OF THE 3RD
Alaskan Humpbacks batting - Pitching for Santa Barbara Golden Cranes : LHP Shunen Takahashi
Batting: RHB Orlando Jiménez 0-0: Ball
1-0: Called Strike
1-1: Ball
2-1: Foul Ball, location: 2F
2-2: Strikes out looking
Batting: SHB Josef Koper 0-0: Ball
1-0: Swinging Strike
1-1: Swinging Strike
1-2: Foul Ball, location: 2F
1-2: SINGLE (Groundball, 4M)
Batting: RHB Juan Tapia 0-0: Ball
1-0: SINGLE (Line Drive, 56)
Josef Koper to second
Batting: RHB Juan García 0-0: Ball
1-0: Ball
2-0: Called Strike
2-1: Fielders Choice at 2nd, 1-6 (Groundball, 23)
Josef Koper to third
Batting: LHB James Sorensen 0-0: Called Strike
0-1: Foul Ball, location: 2F
0-2: Ball
1-2: Ball
2-2: Ball
3-2: SINGLE (Groundball, 13) (infield hit)
Josef Koper scores
Juan García to second
Batting: RHB Mal Green 0-0: Ball
1-0: Ball
2-0: SINGLE (Line Drive, 78M)
Juan García to third
James Sorensen to second
Runner from 3rd tries for Home, SAFE, throw made home
James Sorensen to third
Mal Green to second
Batting: RHB Andrew Rowland 0-0: Ball
1-0: Foul Ball, location: 2F
1-1: Swinging Strike
1-2: Foul Ball, location: 2F
1-2: Ball
2-2: Foul Ball, location: 2F
2-2: Ball
3-2: Fly out, F8 (Flyball, 89M)
Top of the 3rd over - 2 run(s), 4 hit(s), 0 error(s), 2 left on base; Alaskan 2 - Santa Barbara 1
BOTTOM OF THE 3RD
Santa Barbara Golden Cranes batting - Pitching for Alaskan Humpbacks : RHP Miguel González
Batting: SHB Stephen Baldwin 0-0: Ball
1-0: Called Strike
1-1: Ball
2-1: Foul Ball, location: 2F
2-2: Strikes out swinging
Batting: RHB Tim Wilson 0-0: Called Strike
0-1: Foul Ball, location: 2F
0-2: Ball
1-2: Ground out 1-3 (Groundball, 13S)
Batting: RHB Ángel López 0-0: Fly out, F8 (Flyball, 8RM)
Bottom of the 3rd over - 0 run(s), 0 hit(s), 0 error(s), 0 left on base; Alaskan 2 - Santa Barbara 1
TOP OF THE 4TH
Alaskan Humpbacks batting - Pitching for Santa Barbara Golden Cranes : LHP Shunen Takahashi
Batting: RHB Fernando Camacho 0-0: Foul Ball, location: 2F
0-1: Ball
1-1: SOLO HOME RUN (Flyball, 78XD), Distance : 408 ft
Batting: SHB Mike Carter 0-0: Foul Ball, location: 2F
0-1: Foul Ball, location: 2F
0-2: Ball
1-2: Ball
2-2: Strikes out swinging
Batting: RHB Orlando Jiménez 0-0: Called Strike
0-1: Foul Ball, location: 2F
0-2: Ball
1-2: Ball
2-2: Strikes out swinging
Batting: SHB Josef Koper 0-0: Ball
1-0: Ground out 1-3 (Groundball, 13S)
Top of the 4th over - 1 run(s), 1 hit(s), 0 error(s), 0 left on base; Alaskan 3 - Santa Barbara 1
BOTTOM OF THE 4TH
Santa Barbara Golden Cranes batting - Pitching for Alaskan Humpbacks : RHP Miguel González
Batting: RHB Kyle Dempsey 0-0: Called Strike
0-1: Fly out, F3 (Popup, 3DF)
Batting: LHB Takahiro Harada 0-0: Called Strike
0-1: Called Strike
0-2: Ball
1-2: Fly out, F3 (Popup, 3F)
Batting: RHB Sake van Arem 0-0: Ball
1-0: Ball
2-0: Called Strike
2-1: Swinging Strike
2-2: Strikes out swinging
Bottom of the 4th over - 0 run(s), 0 hit(s), 0 error(s), 0 left on base; Alaskan 3 - Santa Barbara 1
TOP OF THE 5TH
Alaskan Humpbacks batting - Pitching for Santa Barbara Golden Cranes : LHP Shunen Takahashi
Batting: RHB Juan Tapia 0-0: Ball
1-0: Ball
2-0: Ball
3-0: Base on Balls
Batting: RHB Juan García 0-0: Bunted foul
0-1: Bunt missed!
0-2: Ball
1-2: SINGLE (Groundball, 56D)
Juan Tapia to second
Batting: LHB James Sorensen 0-0: Called Strike
0-1: DOUBLE (Groundball, 5L)
Juan Tapia scores
Juan García to third
Batting: RHB Mal Green 0-0: Swinging Strike
0-1: Swinging Strike
0-2: Strikes out swinging
Batting: RHB Andrew Rowland 0-0: Ball
1-0: Called Strike
1-1: Ball
2-1: Ground out 6-3 (Groundball, 6)
Juan García scores
Batting: RHB Fernando Camacho 0-0: Ball
1-0: Ground out 4-3 (Groundball, 4)
Top of the 5th over - 2 run(s), 2 hit(s), 0 error(s), 1 left on base; Alaskan 5 - Santa Barbara 1
BOTTOM OF THE 5TH
Santa Barbara Golden Cranes batting - Pitching for Alaskan Humpbacks : RHP Miguel González
Batting: LHB Chris McKinney 0-0: Fly out, F8 (Flyball, 8LD)
Batting: SHB Shojiro Kimura 0-0: Ball
1-0: Fly out, F9 (Flyball, 89D)
Batting: RHB Seth Varela 0-0: Ball
1-0: Called Strike
1-1: SINGLE (Line Drive, 78S)
Batting: SHB Stephen Baldwin 0-0: 2-RUN HOME RUN (Flyball, 78XD), Distance : 412 ft
Batting: RHB Tim Wilson 0-0: Ball
1-0: Called Strike
1-1: Swinging Strike
1-2: Strikes out swinging
Bottom of the 5th over - 2 run(s), 2 hit(s), 0 error(s), 0 left on base; Alaskan 5 - Santa Barbara 3
TOP OF THE 6TH
Alaskan Humpbacks batting - Pitching for Santa Barbara Golden Cranes : LHP Shunen Takahashi
Batting: SHB Mike Carter 0-0: Swinging Strike
0-1: Foul Ball, location: 2F
0-2: Ball
1-2: Ground out 6-3 (Groundball, 6M)
Batting: RHB Orlando Jiménez 0-0: Ground out 6-3 (Groundball, 6)
Batting: SHB Josef Koper 0-0: Fly out, F4 (Popup, 4)
Top of the 6th over - 0 run(s), 0 hit(s), 0 error(s), 0 left on base; Alaskan 5 - Santa Barbara 3
BOTTOM OF THE 6TH
Santa Barbara Golden Cranes batting - Pitching for Alaskan Humpbacks : RHP Miguel González
Batting: RHB Ángel López 0-0: Ball
1-0: Ball
2-0: Ground out 5-3 (Groundball, 5)
Batting: RHB Kyle Dempsey 0-0: Foul Ball, location: 2F
0-1: Ball
1-1: Foul Ball, location: 2F
1-2: Foul Ball, location: 2F
1-2: Foul Ball, location: 2F
1-2: Foul Ball, location: 2F
1-2: Ball
2-2: Foul Ball, location: 2F
2-2: Ball
3-2: DOUBLE (Flyball, 8LXD)
Batting: LHB Takahiro Harada 0-0: Called Strike
0-1: Foul Ball, location: 2F
0-2: Fly out, F7 (Flyball, 7S)
Batting: RHB Sake van Arem 0-0: Ball
1-0: Swinging Strike
1-1: Swinging Strike
1-2: Fly out, F7 (Flyball, 7M)
Bottom of the 6th over - 0 run(s), 1 hit(s), 0 error(s), 1 left on base; Alaskan 5 - Santa Barbara 3
TOP OF THE 7TH
Alaskan Humpbacks batting - Pitching for Santa Barbara Golden Cranes : LHP Shunen Takahashi
Batting: RHB Juan Tapia Single, Error in OF, E8, batter to second base
Batting: RHB Juan García 0-0: Intentional Walk
Pinch Hitting: SHB Al Anderson 0-0: Foul Ball, location: 2F
0-1: Foul Ball, location: 2F
0-2: Grounds into double play, 4-6-3 (Groundball, 4)
Juan Tapia to third
Batting: RHB Mal Green 0-0: Ball
1-0: Foul Ball, location: 2F
1-1: Ball
2-1: Ball
3-1: Fly out, F6 (Line Drive, 6)
Top of the 7th over - 0 run(s), 1 hit(s), 1 error(s), 1 left on base; Alaskan 5 - Santa Barbara 3
BOTTOM OF THE 7TH
Santa Barbara Golden Cranes batting - Pitching for Alaskan Humpbacks : RHP Miguel González
Now in LF: Paco Hernández
Batting: LHB Chris McKinney 0-0: Called Strike
0-1: Ball
1-1: Swinging Strike
1-2: Ground out 1-3 (Groundball, 15)
Batting: SHB Shojiro Kimura 0-0: Ball
1-0: Foul Ball, location: 2F
1-1: Ground out 1-3 (Groundball, 15)
Batting: RHB Seth Varela 0-0: Foul Ball, location: 2F
0-1: Called Strike
0-2: Strikes out swinging
Bottom of the 7th over - 0 run(s), 0 hit(s), 0 error(s), 0 left on base; Alaskan 5 - Santa Barbara 3
TOP OF THE 8TH
Alaskan Humpbacks batting - Pitching for Santa Barbara Golden Cranes : LHP Shunen Takahashi
Batting: RHB Andrew Rowland 0-0: Called Strike
0-1: Foul Ball, location: 2F
0-2: Ground out 5-3 (Groundball, 56S)
Batting: RHB Fernando Camacho 0-0: Ball
1-0: Ball
2-0: Ball
3-0: Called Strike
3-1: Called Strike
3-2: Strikes out swinging
Batting: SHB Mike Carter 0-0: Called Strike
0-1: Foul Ball, location: 2F
0-2: Foul Ball, location: 2F
0-2: Ball
1-2: Ball
2-2: Fly out, F7 (Flyball, 78M)
Top of the 8th over - 0 run(s), 0 hit(s), 0 error(s), 0 left on base; Alaskan 5 - Santa Barbara 3
BOTTOM OF THE 8TH
Santa Barbara Golden Cranes batting - Pitching for Alaskan Humpbacks : RHP Miguel González
Batting: SHB Stephen Baldwin 0-0: Ball
1-0: Ball
2-0: Ball
3-0: Called Strike
3-1: Foul Ball, location: 2F
3-2: Fly out, F8 (Flyball, 8RS)
Batting: RHB Tim Wilson 0-0: Foul Ball, location: 2F
0-1: Ball
1-1: Ball
2-1: Foul Ball, location: 2F
2-2: Ball
3-2: Foul Ball, location: 2F
3-2: Foul Ball, location: 2F
3-2: Foul Ball, location: 2F
3-2: Strikes out swinging
Batting: RHB Ángel López 0-0: Ball
1-0: Ball
2-0: Fly out, F9 (Line Drive, 9M)
Bottom of the 8th over - 0 run(s), 0 hit(s), 0 error(s), 0 left on base; Alaskan 5 - Santa Barbara 3
TOP OF THE 9TH
Alaskan Humpbacks batting - Pitching for Santa Barbara Golden Cranes : LHP Shunen Takahashi
Pitching: LHP Doug Robinson
Batting: RHB Orlando Jiménez 0-0: Called Strike
0-1: Foul Ball, location: 2F
0-2: Ball
1-2: Fly out, F2 (Popup, 2LF)
Batting: SHB Josef Koper 0-0: Called Strike
0-1: Foul Ball, location: 2F
0-2: Ball
1-2: Ball
2-2: Foul Ball, location: 2F
2-2: Foul Ball, location: 2F
2-2: Ball
3-2: Base on Balls
Batting: RHB Juan Tapia 0-0: Fly out, F4 (Popup, 4MD)
Batting: RHB Juan García 0-0: Ball
1-0: Called Strike
1-1: Ball
2-1: Swinging Strike
2-2: Strikes out swinging
Top of the 9th over - 0 run(s), 0 hit(s), 0 error(s), 1 left on base; Alaskan 5 - Santa Barbara 3
BOTTOM OF THE 9TH
Santa Barbara Golden Cranes batting - Pitching for Alaskan Humpbacks : RHP Miguel González
Pitching: RHP Jim Unknown
Batting: RHB Kyle Dempsey 0-0: Ball
1-0: SINGLE (Groundball, 23) (infield hit)
Batting: LHB Takahiro Harada 0-0: Called Strike
0-1: Foul Ball, location: 2F
0-2: Ball
1-2: Ball
2-2: Foul Ball, location: 2F
2-2: SINGLE (Line Drive, 6MD)
Kyle Dempsey to second
Batting: RHB Sake van Arem 0-0: Ball
1-0: Ball
2-0: Foul Ball, location: 2F
2-1: SINGLE (Groundball, 56)
Kyle Dempsey to third
Takahiro Harada to second
Batting: LHB Chris McKinney 0-0: Foul Ball, location: 2F
0-1: Ball
1-1: Swinging Strike
1-2: Strikes out swinging
Batting: SHB Shojiro Kimura 0-0: Ball
1-0: Ball
2-0: Fly out, F9 (Flyball, 89M)
Runner from 3rd tags up, SCORES, throw made
Batting: RHB Seth Varela 0-0: Ball
1-0: Ground out 5-3 (Groundball, 56S)
Bottom of the 9th over - 1 run(s), 3 hit(s), 0 error(s), 2 left on base; Alaskan 5 - Santa Barbara 4
This league is powered by Out of the Park Baseball, the baseball management simulation game for PC, Mac and Linux
Friday, April 15th, 2016 - OOTP Baseball 16.9 Build 39